 Dungeon Crawl Stone Soup version 0.30-a0-373-gd37427bb62 (webtiles) character file.

Game seed: 5995264754788536897

577 kiwi3s the Cleaver (level 7, 0/85 HPs)
             Began as a Minotaur Berserker on Nov 23, 2022.
             Was a Priest of Trog.
             Slain by Pikel
             ... wielding a +2 whip of flaming
              (4 damage)
             ... on level 4 of the Dungeon.
             The game lasted 00:04:06 (3365 turns).

kiwi3s the Cleaver (Minotaur Berserker)             Turns: 3365, Time: 00:04:06

Health: 0/85       AC:  8    Str: 24    XL:     7   Next: 13%
Magic:  6/6        EV: 10    Int:  4    God:    Trog [***...]
Gold:   219        SH:  0    Dex:  9    Spells: 6/6 levels left

rFire   . . .      SeeInvis .    a - +0 hand axe
rCold   . . .      Faith    .    (no shield)
rNeg    . . .      Spirit   .    m - +0 scale mail
rPois   .          Reflect  .    (helmet restricted)
rElec   .          Harm     .    o - +1 cloak
rCorr   .          Rampage  .    (no gloves)
Will    .....                    (no boots)
Stlth   ..........               (no amulet)
HPRegen 0.34/turn                (no ring)
MPRegen 0.10/turn                (no ring)

@: berserking, very quick
A: horns 2, retaliatory headbutt
a: Renounce Religion, Berserk, Trog's Hand


You were on level 4 of the Dungeon.
You worshipped Trog.
Trog was most pleased with you.
You visited 1 branch of the dungeon, and saw 4 of its levels.

You collected 219 gold pieces.

Inventory:

Hand Weapons
 a - a +0 hand axe (weapon)
 p - the +8 hammer of the Dark Horse {freeze, Fragile rN+ Str+4 Stlth+}
   (You found it on level 2 of the Dungeon)

   It freezes those it strikes, dealing additional cold damage.
   It can also slow down cold-blooded creatures.
   Str:       It affects your strength (+4).
   rN:        It protects you from negative energy.
   Fragile:   It will be destroyed if unequipped.
   Stlth:     It makes you more stealthy.
Armour
 m - a +0 scale mail (worn)
 o - a +1 cloak (worn)
Scrolls
 e - a scroll of teleportation {unknown}
 f - a scroll of summoning {unknown}
 g - a scroll of vulnerability {unknown}
 i - a scroll of torment {unknown}
 j - 2 scrolls of butterflies {unknown}
 k - a scroll of identify {unknown}
 q - a scroll of blinking {unknown}
 r - a scroll of silence {unknown}
 s - a scroll of enchant armour {unknown}
Potions
 b - a potion of invisibility {unknown}
 c - 2 potions of degeneration {unknown}
 d - a potion of curing {unknown}
 h - a potion of mutation {unknown}
 l - a potion of brilliance {unknown}
 n - a potion of lignification {unknown}


   Skills:
 - Level 3.6 Fighting
 + Level 9.9 Axes
 - Level 2.4 Armour
 - Level 2.1 Dodging


You had 6 spell levels left.
You didn't know any spells.
Your spell library was empty.

Dungeon Overview and Level Annotations

Branches:
Dungeon (4/15)
 Temple: D:4-7

Altars:
Ru
Yredelemnul

Shops:
D:3 (

Annotations:
D:4 Pikel


Innate Abilities, Weirdness & Mutations

You have a pair of horns on your head.
You reflexively headbutt those who attack you in melee.


Message History

Pikel is moderately wounded.
Pikel hits you but does no damage.
You barely miss Pikel. You headbutt Pikel, but do no damage.
Pikel is moderately wounded.
Pikel barely misses you.
You hit Pikel. Your headbutt misses Pikel.
Pikel is heavily wounded.
Pikel says, "I'm sure they'll be treated well, anyway."
Pikel misses you.
You hit Pikel but do no damage. Your headbutt misses Pikel.
Pikel is heavily wounded.
You closely miss Pikel. Your headbutt misses Pikel.
Pikel is heavily wounded.
Pikel hits you with a +2 whip of flaming!
Pikel burns you.
You barely miss Pikel.
Pikel is heavily wounded.
Pikel hits you but does no damage.
Unknown command.
You hit Pikel.
Pikel is heavily wounded.
Pikel hits you with a +2 whip of flaming!
* * * LOW HITPOINT WARNING * * *
Pikel burns you.
* * * LOW HITPOINT WARNING * * *
You barely miss Pikel.
Pikel is heavily wounded.
Pikel hits you with a +2 whip of flaming.
* * * LOW HITPOINT WARNING * * *
Pikel burns you.
* * * LOW HITPOINT WARNING * * *
Unknown command.
You hit Pikel.
Pikel is heavily wounded.
A red film seems to cover your vision as you go berserk!
You feel yourself moving faster!
You feel mighty!
Pikel hits you with a +2 whip of flaming!
* * * LOW HITPOINT WARNING * * *
Pikel burns you.
You die...

...+...'...................>
..†#...#.......####...#####
# ...#...#.......#
#.#.####..# ##.....#.......#
#.#.......# #..###..######.#
#....##.### #.##.##.#
#.#######....# #.#..!#.#
#...e......### #.#.∩.#.#
#####...#### #.#55(#.#
##.@K5### #.##5##.# #..####
#..###..# ##.##
##.....######..#
#.....##...#..###
#.###.##........# #.#
#.##........# #.#
#.##.##.....# #.#
#.##.##.....#


You could see Pikel and a lemure.

Vanquished Creatures
  Duvessa (D:4)
  A phantom (D:4)
  3 lemures
  Dowan (D:4)
  Crazy Yiuf (D:2)
  2 jellies (D:4)
  An orc priest (D:4)
  An iguana (D:4)
  Terence (D:2)
  6 gnolls (D:3)
  4 adders
  A dart slug (D:1)
  10 orcs
  11 ball pythons
  7 bats
  4 endoplasms
  2 giant cockroaches
  8 goblins
  7 hobgoblins
  3 quokkas
  6 frilled lizards (D:1)
  6 kobolds
  7 rats
94 creatures vanquished.

Vanquished Creatures (others)
  A withered plant (D:4)
1 creature vanquished.

Grand Total: 95 creatures vanquished

Notes
Turn   | Place    | Note
-------+----------+-------------------------------------------
     0 | D:1      | kiwi3s the Minotaur Berserker began the quest for the Orb.
     0 | D:1      | Reached XP level 1. HP: 19/19 MP: 0/0
    77 | D:1      | Reached skill level 4 in Axes
    86 | D:1      | Reached XP level 2. HP: 26/26 MP: 1/1
   334 | D:1      | Reached skill level 5 in Axes
   562 | D:1      | Reached XP level 3. HP: 31/31 MP: 2/2
   728 | D:1      | Reached ** piety under Trog
  1012 | D:2      | Found a sacrificial altar of Ru.
  1304 | D:2      | Noticed Terence
  1312 | D:2      | Killed Terence
  1313 | D:2      | Reached skill level 6 in Axes
  1313 | D:2      | Reached XP level 4. HP: 35/39 MP: 3/3
  1498 | D:2      | Found a runed translucent door.
  1499 | D:2      | Noticed Crazy Yiuf
  1692 | D:2      | Killed Crazy Yiuf
  1698 | D:2      | Identified the +8 hammer of the Dark Horse {freeze, Fragile
                  | rN+ Str+4 Stlth+}
  1849 | D:3      | Reached skill level 7 in Axes
  1849 | D:3      | Reached XP level 5. HP: 37/45 MP: 4/4
  2087 | D:3      | Found Worokopt's Antique Weapon Boutique.
  2686 | D:4      | Reached skill level 8 in Axes
  2737 | D:4      | Reached XP level 6. HP: 40/51 MP: 5/5
  2795 | D:4      | Noticed Duvessa
  2797 | D:4      | Noticed Dowan
  2906 | D:4      | Killed Duvessa
  2915 | D:4      | Reached skill level 9 in Axes
  2931 | D:4      | Killed Dowan
  3109 | D:4      | Reached *** piety under Trog
  3227 | D:4      | Found a basalt altar of Yredelemnul.
  3282 | D:4      | Reached XP level 7. HP: 53/57 MP: 6/6
  3345 | D:4      | Noticed Pikel
  3365 | D:4      | HP: 4/85 [Pikel/+2 whip of flaming (8)]
  3365 | D:4      | Slain by Pikel

Illustrated notes

Levels and vault maps discovered:
D:1:      tarquinn_simple_flora_water_e, layout_loops_ring,
          corexii_item_surrounded_by_moat, grunt_decor_cap, nrook_mini_backslash
D:2:      layout_loops_ring, basic_altar, amethyst_killhole,
          uniq_crazy_yiuf_cottage, uniq_terence
D:3:      layout_basic, serial_shops, shop
D:4:      cheibrodos_quashed, layout_basic, yredelemnul_altar_generic,
          serial_shops, nicolae_square_shop, minmay_lizard_king, uniq_duvessa,
          uniq_pikel

Skill      XL: |  1  2  3  4  5  6 |
---------------+-------------------+-----
Axes           | 4 5 6 7 8 9 |  9.9
Fighting       | |  3.6
Armour         | |  2.4
Dodging        | |  2.1

Action                   |  1- 3 |  4- 6 |  7- 9 || total
-------------------------+-------+-------+-------++-------
Melee: Hand axe          |    92 |   131 |    18 ||   241
       Headbutt          |    14 |    21 |     3 ||    38
       Punch             |       |     1 |       ||     1
Invok: Berserk           |       |     2 |     1 ||     3
  Use: Potion            |       |     1 |       ||     1
 Stab: Sleeping          |     2 |       |       ||     2
Armor: Animal skin       |    27 |       |       ||    27
       Scale mail        |       |    50 |     3 ||    53
Dodge: Dodged            |    50 |    62 |     2 ||   114

Table legend: (Time is in decaauts)
 A = Elapsed time spent in this place.
 B = Non-inter-level travel time spent in this place.
 C = Inter-level travel time spent in this place.
 D = Time resting spent in this place.
 E = Time spent auto-exploring this place.
 F = Levels seen in this place.
 G = Mean time per level.
                   A        B        C        D        E       F      G
               +--------+--------+--------+--------+--------+-----+--------+
         Total |   3357 |   3239 |    118 |    374 |   2280 |   4 |  839.2 |
       Dungeon |   3357 |   3239 |    118 |    374 |   2280 |   4 |  839.2 |
               +--------+--------+--------+--------+--------+-----+--------+

Top non-repeatable levels by time:
     D:3: 1059 daAuts
     D:2: 970 daAuts
     D:1: 788 daAuts
     D:4: 538 daAuts
